 Dungeon Crawl Stone Soup version 0.26.1-11-gd32895ea62 (webtiles) character file.

Game seed: 785028900414427431

35 H0rd4k the Insei (level 3, 0/23 HPs)
             Began as an Octopode Transmuter on July 15, 2021.
             Slain by a worm (11 damage)
             ... on level 2 of the Dungeon.
             The game lasted 00:01:16 (1057 turns).

H0rd4k the Insei (Octopode Transmuter)              Turns: 1057, Time: 00:01:17

Health: 0/23       AC:  1    Str:  9    XL:     3   Next: 35%
Magic:  3/6        EV: 13    Int: 16    God:
Gold:   64         SH:  0    Dex: 12    Spells: 2/6 levels left

rFire    . . .     SeeInvis .     - Unarmed
rCold    . . .     Faith    .   (no shield)
rNeg     . . .     Spirit   .   (helmet restricted)
rPois    .         Reflect  .   (no amulet)
rElec    .         Harm     .   (no ring)
rCorr    .         Rampage  .   (no ring)
Will     .....                  (no ring)
Stlth    +++.......             (no ring)
HPRegen  0.07/turn              (no ring)
MPRegen  0.10/turn              (no ring)
                                (no ring)
                                (no ring)

@: lethally poisoned (0 -> -8), very slightly contaminated
A: almost no armour, stealthy swim, amphibious, 8 rings, constrict 8, camouflage
1, gelatinous body 1
a: no special abilities


You were on level 2 of the Dungeon.
You visited 1 branch of the dungeon, and saw 2 of its levels.

You collected 64 gold pieces.

Inventory:

Hand Weapons
 e - a +0 hunting sling of flaming
Scrolls
 b - a scroll of random uselessness {unknown}
 c - a scroll of enchant armour {unknown}
 d - a scroll of amnesia {unknown}
 f - a scroll of remove curse {unknown}
 g - a scroll of identify {unknown}
Potions
 a - 2 potions of mutation {unknown}


   Skills:
 + Level 1.1 Fighting
 + Level 2.3 Dodging
 - Level 1.2 Stealth
 + Level 3.5 Unarmed Combat
 * Level 2.3 Spellcasting
 * Level 2.1 Transmutations


You had 2 spell levels left.
You knew the following spells:

 Your Spells              Type           Power        Failure   Level
a - Beastly Appendage     Tmut           16%          9%          1
b - Spider Form           Tmut/Pois      2%           36%         3

Your spell library contained the following spells:

 Spells                   Type           Power        Failure   Level
 Wereblood                Tmut           8%           13%         2
 Ice Form                 Ice/Tmut       5%           78%         4
 Blade Hands              Tmut           4%           93%         5


Dungeon Overview and Level Annotations

Branches:
Dungeon (2/15)

Altars:


Innate Abilities, Weirdness & Mutations

You cannot wear most types of armour.
You are very stealthy in the water. (Stealth+)
You are amphibious.
You can wear up to eight rings at the same time.
You can use your tentacles to constrict eight enemies at once.
Your skin changes colour to match your surroundings (Stealth+).
Your rubbery body absorbs attacks. (AC +1, EV +1)


Message History

Your squeeze misses the adder.
The adder is lightly wounded.
You constrict the adder. The adder misses you.
You tentacle-slap the adder but do no damage.
The adder is moderately wounded.
You constrict the adder. The adder bites you.
You are more poisoned.
The adder poisons you!
You tentacle-slap the adder.
The adder is almost dead.
You constrict the adder.
You feel sick. The adder misses you. The adder closely misses you.
You barely miss the adder.
Your tentacle-slap misses the adder.
The adder is almost dead.
You constrict the adder.
You kill the adder!
You feel sick.
A kobold comes into view.
The worm bites you!
You die...

#......#.#
#....†.#.#
########........#
...<...#........#
......(#........#.#
K......#......#.#.#
.......####'###.#.#
.......####.# #.#.#
......w@....# #...#
......?###### #...#
....... #...#.#
..[.... #...#.#
....... #..(#.####
#...... #.#.#.....
#...... #.#.#.###.
#...... #........<
###...####


You could see a worm and a kobold (asleep).

Vanquished Creatures
  An adder (D:2)
  2 dart slugs
  A leopard gecko (D:1)
  A hobgoblin (D:2)
  4 jackals (D:1)
  6 kobolds (D:1)
  3 bats (D:1)
  2 goblins (D:1)
  3 rats (D:1)
23 creatures vanquished.

Notes
Turn   | Place    | Note
-------+----------+-------------------------------------------
     0 | D:1      | H0rd4k the Octopode Transmuter began the quest for the Orb.
     0 | D:1      | Reached XP level 1. HP: 13/13 MP: 3/3
   398 | D:1      | Reached XP level 2. HP: 15/18 MP: 5/5
   457 | D:1      | Reached skill level 1 in Stealth
   979 | D:2      | Reached XP level 3. HP: 23/23 MP: 6/6
   983 | D:2      | Learned a level 3 spell: Spider Form
  1057 | D:2      | Slain by a worm

Illustrated notes

Levels and vault maps discovered:
D:1:      lemuel_arrival_muddy, layout_loops_ring, minmay_cut_off
D:2:      layout_basic, gammafunk_temple_overflow_pools

Skill      XL: |  1  2 |
---------------+-------+-----
Stealth        | 1 |  1.2
Fighting       | |  1.1
Dodging        | |  2.3
Unarmed Combat | |  3.5
Spellcasting   | |  2.3
Transmutations | |  2.1

Action                   || total
-------------------------++-------
Melee: Unarmed           ||    52
       Constrict         ||    10
       Tentacles         ||     4
       Punch             ||     2
 Stab: Sleeping          ||     7
Armor: Skin              ||     4
Dodge: Dodged            ||    23
